[Event "Titled Tuesday Blitz March 28 Early 2023"]
[White "Cella, Glaucio Dalla Cortt"]
[Black "Tarnowska, Aleksandra"]
[WhiteFideId "2119455"]
[BlackFideId "1180967"]
[WhiteElo "2011"]
[BlackElo "1776"]
[Result "1-0"]
[Round "07"]
[TimeControl "180+2"]
[Date "2023.03.28"]
[WhiteClock "0:00:54"]
[BlackClock "0:00:04"]

1. e4 c5 2. Nf3 e6 3. c3 d5 4. exd5 Qxd5 5. Na3 a6 6. Nc4 Nd7 7. d4 cxd4 8. Nxd4 Bc5 9. Be2 Qxg2 10. Bf3 Qg6 11. Nb3 Be7 12. Bf4 Ngf6 13. Bd6 b5 14. Bxe7 bxc4 15. Bxf6 cxb3 16. Bxg7 Qxg7 17. Bxa8 bxa2 18. Rxa2 Qe5+ 19. Qe2 Qg5 20. Qe3 Qg6 21. Be4 f5 22. Bc6 f4 23. Qe4 Qxe4+ 24. Bxe4 Nc5 25. Bc6+ Ke7 26. Ke2 Kd6 27. Bf3 e5 28. b4 Ne6 29. Rd1+ Ke7 30. Bg4 Rg8 31. Bxe6 Kxe6 32. Ra5 Kf5 33. Rdd5 Re8 34. f3 h5 35. Rdc5 h4 36. b5 axb5 37. Raxb5 h3 38. Rb6 Bd7 39. Rc7 Be6 40. Rcc6 Bc4+ 41. Rxc4 Ra8 42. Rcc6 Ra2+ 43. Kd3 Rxh2 44. Rf6+ Kg5 45. Rg6+ Kh5 46. Rh6+ Kg5 47. Rbg6+ Kf5 48. Rg8 Rh1 49. Rgh8 Rd1+ 50. Ke2 Rc1 51. Kd2 Rf1 52. Rxh3 Rf2+ 53. Kd3 Rf1 54. R3h5+ Kf6 55. R8h6+ Kg7 56. Ke4 Re1+ 57. Kf5 Re3 58. Rh7+ Kg8 59. Rh8+ Kg7 60. R5h7# 1-0


[Site "https://www.chess.com"]

[Event "Titled Tuesday Blitz March 28 Early 2023"]
[White "Hirneise, Jens"]
[Black "Jaivardhan Raj"]
[WhiteFideId "24614734"]
[BlackFideId "25744437"]
[WhiteElo "2345"]
[BlackElo "1772"]
[Result "1/2-1/2"]
[Round "07"]
[TimeControl "180+2"]
[Date "2023.03.28"]
[WhiteClock "0:02:58"]
[BlackClock "0:02:54"]

1. d4 Nf6 2. Nf3 e6 3. g3 b6 4. Bg2 Bb7 5. O-O Be7 6. c4 O-O 7. Nc3 d5 8. cxd5 exd5 9. e3 c5 10. Ne5 Nc6 11. Nxc6 Bxc6 12. Bd2 cxd4 13. exd4 Bb4 14. Re1 Re8 1/2-1/2


[Site "https://www.chess.com"]

[Event "Titled Tuesday Blitz March 28 Early 2023"]
[White "dorpato"]
[Black "Kaplan, Avi Harrison"]
[BlackFideId "30934559"]
[WhiteElo "2022"]
[BlackElo "1983"]
[Result "0-1"]
[Round "07"]
[TimeControl "180+2"]
[Date "2023.03.28"]
[WhiteClock "0:00:12"]
[BlackClock "0:00:55"]

1. d4 b5 2. g3 Bb7 3. Nf3 h6 4. Bg2 g5 5. h3 Bg7 6. b3 a6 7. Bb2 d6 8. Nbd2 Nd7 9. c4 b4 10. Qc2 e6 11. O-O-O a5 12. e4 a4 13. Rhe1 axb3 14. axb3 Ne7 15. e5 d5 16. c5 Nc6 17. h4 g4 18. Nh2 h5 19. f3 gxf3 20. Nhxf3 Ra2 21. Ng5 Ne7 22. Rf1 Nf5 23. Bh3 Nxd4 24. Qd3 Rxb2 25. Kxb2 Nxe5 26. Qxd4 Nd3+ 27. Kc2 Bxd4 28. Kxd3 Bxc5 29. Nxf7 Qa8 30. Nxh8 Qa6+ 31. Kc2 Qa2+ 32. Kd3 Ba6+ 33. Nc4 Qxb3+ 34. Ke2 Bxc4+ 0-1


[Site "https://www.chess.com"]

[Event "Titled Tuesday Blitz March 28 Early 2023"]
[White "Perez Cruz, Adianet"]
[Black "Bashirli, Saadat"]
[WhiteFideId "3510115"]
[BlackFideId "13429990"]
[WhiteElo "1992"]
[BlackElo "1408"]
[Result "1/2-1/2"]
[Round "07"]
[TimeControl "180+2"]
[Date "2023.03.28"]
[WhiteClock "0:00:24"]
[BlackClock "0:00:31"]

1. d4 d5 2. Nf3 e6 3. Bf4 c5 4. c3 Nf6 5. e3 Nc6 6. Nbd2 cxd4 7. exd4 Bd6 8. Bg3 Bxg3 9. hxg3 Qc7 10. Bd3 e5 11. dxe5 Nxe5 12. Nxe5 Qxe5+ 13. Qe2 Qxe2+ 14. Bxe2 Bf5 15. O-O O-O 16. Bf3 Rfe8 17. Nb3 Rac8 18. Rad1 Be4 19. Nd4 Bxf3 20. gxf3 Re7 21. Rd2 Rce8 22. Rfd1 Re1+ 23. Kg2 Rxd1 24. Rxd1 h6 25. Nf5 Rd8 26. g4 Kf8 27. Rd4 Rd7 28. Ne3 g6 29. Ra4 b6 30. Nc2 Ke7 31. Nd4 Ke8 32. Nc6 a5 33. Ne5 Re7 34. Nd3 Re2 35. b4 Rd2 36. Nf4 axb4 37. Rxb4 Nd7 38. Rb5 Rxa2 39. Nxd5 Rc2 40. Nxb6 Nxb6 41. Rxb6 Rxc3 42. Rb8+ Ke7 43. Rb7+ Kf6 44. Kg3 Kg7 45. Rb6 Rc4 46. f4 h5 47. gxh5 gxh5 48. Rb5 Kg6 49. Rg5+ Kh6 50. Rf5 Kg6 51. Rg5+ Kh6 52. Rd5 f6 53. Rd8 Kg6 54. Rg8+ Kh6 55. f3 Kh7 56. Rf8 Kg6 57. Rb8 h4+ 58. Kg4 f5+ 59. Kxh4 Rxf4+ 60. Kg3 Rc4 61. Rg8+ Kf6 62. Rf8+ Kg6 63. Rb8 Rc1 64. Rb6+ Kg5 65. f4+ Kh5 66. Rb3 Rg1+ 67. Kf2 Rg4 68. Rf3 Kh4 69. Ke2 Rg2+ 70. Ke3 Kg4 71. Rf1 Kg3 72. Rf3+ Kg4 73. Rf1 Rg3+ 74. Ke2 Kh3 75. Rf3 Kg2 76. Rxg3+ Kxg3 77. Ke3 Kg4 78. Ke2 Kxf4 79. Kf2 Ke4 80. Ke2 f4 81. Kf2 f3 82. Kf1 Kf5 83. Kf2 Kf4 84. Kf1 Ke3 85. Ke1 Ke4 86. Kf2 Kf4 87. Kf1 Kg3 88. Kg1 Kg4 89. Kf2 Kf4 1/2-1/2


[Site "https://www.chess.com"]

[Event "Titled Tuesday Blitz March 28 Early 2023"]
[White "Hartikainen, Jarmo"]
[Black "Better_Chess_Faster"]
[WhiteFideId "503134"]
[WhiteElo "2160"]
[BlackElo "1973"]
[Result "0-1"]
[Round "07"]
[TimeControl "180+2"]
[Date "2023.03.28"]
[WhiteClock "0:00:01"]
[BlackClock "0:01:31"]

1. e4 c6 2. d4 d5 3. Nc3 dxe4 4. Nxe4 Nf6 5. Nxf6+ exf6 6. Bf4 Bd6 7. Qf3 O-O 8. Bd3 Re8+ 9. Ne2 Bxf4 10. Qxf4 Qd5 11. h4 Nd7 12. h5 h6 13. c4 Qg5 14. O-O-O Nf8 15. Qxg5 fxg5 16. f3 Be6 17. Rhe1 Rad8 18. g4 a6 19. b3 b5 20. Ng3 bxc4 21. bxc4 Rd7 22. Nf5 Red8 23. Be4 Bxf5 24. gxf5 Rxd4 25. Bxc6 Rxd1+ 26. Rxd1 Rc8 27. Bd5 Nh7 28. Kb2 Nf6 29. Kb3 Nxh5 0-1


[Site "https://www.chess.com"]

[Event "Titled Tuesday Blitz March 28 Early 2023"]
[White "Vargas, Mauricio"]
[Black "Sanchez, Robert"]
[WhiteFideId "4404572"]
[BlackFideId "2034360"]
[WhiteElo "2025"]
[BlackElo "2132"]
[Result "0-1"]
[Round "07"]
[TimeControl "180+2"]
[Date "2023.03.28"]
[WhiteClock "0:00:02"]
[BlackClock "0:01:45"]

1. e4 d5 2. e5 c5 3. f4 Nc6 4. Nf3 Bf5 5. Bb5 Qc7 6. Bxc6+ Qxc6 7. O-O O-O-O 8. d3 e6 9. Ng5 Bg6 10. Nc3 h6 11. Nf3 Ne7 12. a3 Nf5 13. Rb1 Bh5 14. Qe1 Bxf3 15. Rxf3 Nd4 16. Rf2 f6 17. exf6 gxf6 18. Nd1 Re8 19. c3 Nf5 20. g4 Ng7 21. h3 h5 22. g5 fxg5 23. fxg5 Nf5 24. Ne3 Nxe3 25. Bxe3 Rg8 26. h4 e5 27. Qf1 d4 28. Rf6 Bd6 29. Qh3+ Kb8 30. Bf2 Ref8 31. Rxf8+ Rxf8 32. Rf1 Rf3 33. Qe6 e4 34. Qg8+ Rf8 0-1


[Site "https://www.chess.com"]

[Event "Titled Tuesday Blitz March 28 Early 2023"]
[White "Vachier-Lagrave, Maxime"]
[Black "Le, Tuan Minh"]
[WhiteFideId "623539"]
[BlackFideId "12401153"]
[WhiteElo "2740"]
[BlackElo "2558"]
[Result "1-0"]
[Round "08"]
[TimeControl "180+2"]
[Date "2023.03.28"]
[WhiteClock "0:01:07"]
[BlackClock "0:00:05"]

1. e4 c5 2. Nf3 Nf6 3. Nc3 d5 4. Bb5+ Bd7 5. Bxd7+ Qxd7 6. e5 Ng8 7. d4 e6 8. O-O Nc6 9. Ne2 cxd4 10. Nexd4 Bc5 11. Nb3 Bb6 12. a4 a6 13. a5 Ba7 14. c3 Nge7 15. h4 O-O 16. h5 f6 17. exf6 Rxf6 18. Be3 Bxe3 19. fxe3 Raf8 20. Qd3 Nf5 21. e4 Ng3 22. Rfe1 Nxh5 23. exd5 Nf4 24. Qd2 exd5 25. Ra4 Qg4 26. Qxd5+ Kh8 27. Rxf4 Rxf4 28. Nc5 Rxf3 29. Qxf3 Qc8 30. Qd5 h6 31. b4 Qg4 32. Qe4 Qg3 33. Qe3 Qg6 34. Nxb7 Rf6 35. Nc5 Rf8 36. Nxa6 Nxa5 37. Nc5 Nc4 38. Qd3 Qf6 39. Rf1 Qxf1+ 40. Qxf1 Rxf1+ 41. Kxf1 Kg8 42. Ke2 Kf7 43. Kd3 Nd6 44. Ne4 Nf5 45. c4 Ke7 46. b5 g6 47. c5 h5 48. Kc4 Ne3+ 49. Kb4 Nxg2 50. b6 Kd7 51. Kb5 Nf4 52. c6+ Kd8 53. c7+ Kd7 54. Nc5+ 1-0


[Site "https://www.chess.com"]

[Event "Titled Tuesday Blitz March 28 Early 2023"]
[White "Dubov, Daniil"]
[Black "Deac, Bogdan-Daniel"]
[WhiteFideId "24126055"]
[BlackFideId "1226380"]
[WhiteElo "2802"]
[BlackElo "2649"]
[Result "1/2-1/2"]
[Round "08"]
[TimeControl "180+2"]
[Date "2023.03.28"]
[WhiteClock "0:00:06"]
[BlackClock "0:00:25"]

1. d4 Nf6 2. c4 e6 3. Nc3 Bb4 4. e3 O-O 5. Bd3 d5 6. a3 Bxc3+ 7. bxc3 dxc4 8. Bxc4 c5 9. Ne2 Qc7 10. Ba2 b6 11. O-O Ba6 12. Bb2 Nc6 13. c4 cxd4 14. exd4 Rfd8 15. Rc1 b5 16. d5 bxc4 17. Bxc4 Bxc4 18. Rxc4 Nxd5 19. Nd4 Nde7 20. Qf3 Rac8 21. Nxc6 Nxc6 22. Rfc1 Qb6 23. Qc3 f6 24. h3 Ne7 25. Rxc8 Rxc8 26. Qd2 Rxc1+ 27. Bxc1 Nd5 28. Qe2 Kf7 29. Qh5+ Kf8 30. Qxh7 Qb3 31. Qh8+ Kf7 32. Qh5+ Kf8 33. Qh8+ Kf7 34. Qh5+ Kf8 35. Qh8+ 1/2-1/2


[Site "https://www.chess.com"]

[Event "Titled Tuesday Blitz March 28 Early 2023"]
[White "Gholami Orimi, Mahdi"]
[Black "Nakamura, Hikaru"]
[WhiteFideId "12558486"]
[BlackFideId "2016192"]
[WhiteElo "2363"]
[BlackElo "2879"]
[Result "0-1"]
[Round "08"]
[TimeControl "180+2"]
[Date "2023.03.28"]
[WhiteClock "0:00:09"]
[BlackClock "0:00:17"]

1. d4 Nf6 2. c4 e6 3. Nc3 Bb4 4. e3 O-O 5. Bd2 c5 6. Nf3 b6 7. Bd3 Bb7 8. a3 Bxc3 9. Bxc3 cxd4 10. exd4 d5 11. b3 a5 12. a4 Nc6 13. O-O Qe7 14. Re1 Rfd8 15. Rc1 Nb4 16. Bb1 Rac8 17. Ne5 Nd7 18. Bb2 dxc4 19. bxc4 Qg5 20. d5 exd5 21. Rc3 Nxe5 22. Rg3 dxc4 23. Qe2 Rd2 24. Rxg5 Rxe2 25. Rxe2 f6 26. Rg3 Nbd3 27. Bc3 Nf4 28. Re1 Rd8 29. h4 Nxg2 30. Rxg2 Nf3+ 31. Kf1 Nxe1 32. Rg4 Nf3 33. Ke2 Re8+ 34. Kd1 Ne5 35. Rd4 Bc6 36. Bc2 h5 37. f4 Ng4 38. Rxc4 Ne3+ 39. Kc1 Nxc4 0-1


[Site "https://www.chess.com"]

[Event "Titled Tuesday Blitz March 28 Early 2023"]
[White "Yoo, Christopher Woojin"]
[Black "Giri, Anish"]
[WhiteFideId "30909694"]
[BlackFideId "24116068"]
[WhiteElo "2519"]
[BlackElo "2807"]
[Result "0-1"]
[Round "08"]
[TimeControl "180+2"]
[Date "2023.03.28"]
[WhiteClock "0:00:02"]
[BlackClock "0:00:10"]

1. e4 c5 2. Nf3 d6 3. d4 cxd4 4. Nxd4 Nf6 5. Nc3 a6 6. a3 Nc6 7. Bg5 e6 8. Qd3 Bd7 9. O-O-O h6 10. Bh4 Be7 11. f4 g5 12. fxg5 Ng4 13. Kb1 hxg5 14. Bg3 Nge5 15. Qd2 Rc8 16. Be2 Na5 17. Bxe5 dxe5 18. Nf3 Nc6 19. h3 b5 20. Qe3 Rb8 21. Na2 Rg8 22. Rd2 Qb6 23. Qxb6 Rxb6 24. Rhd1 Bc8 25. g4 Rh8 26. Bf1 f6 27. b4 Kf7 28. Nc1 Rb7 29. Nb3 Rc7 30. Kb2 Bb7 31. Rd7 Rhc8 32. Rxc7 Rxc7 33. Bg2 Nb8 34. Ne1 f5 35. gxf5 exf5 36. exf5 e4 37. Nd4 Bf6 38. c3 Rd7 39. Nec2 Rd6 40. Re1 Nd7 41. Bxe4 Bc8 42. Bf3 Ne5 43. Bh5+ Kg7 44. Be2 Bd7 45. Ne3 Nf7 46. Ne6+ Bxe6 47. fxe6 Rxe6 48. Nf5+ Kf8 49. Kc2 Re8 50. Nd4 Kg7 51. Kd2 Rd8 52. Ke3 Re8+ 53. Kf2 Nd6 54. Bd3 Rc8 55. Ne6+ Kf7 56. Nc5 Bxc3 57. Re6 Bd4+ 58. Kf3 Bxc5 59. Rh6 Bxb4 60. axb4 Ke7 61. Rh7+ Kf6 62. Kg4 Rc3 63. Rh6+ Ke5 64. Be2 Ne4 65. Bf3 Nf6+ 66. Kg3 Rb3 67. Rg6 Kf5 68. Rg8 Rxb4 69. Rc8 Rc4 70. Ra8 Ra4 71. Bb7 Ra3+ 72. Kg2 a5 73. Bc8+ Ke5 74. Rb8 b4 75. Rb5+ Nd5 76. Bb7 Rd3 77. Rxa5 Kd6 78. Rb5 Nf4+ 79. Kf1 b3 80. Be4 Re3 81. Bf5 Re5 82. Rb6+ Kc5 83. Rf6 Kd4 84. Bb1 Nd5 85. Rc6 Nc3 86. Bg6 Rc5 87. Rd6+ Ke5 88. Rb6 Rb5 89. Rc6 Nd5 90. Bd3 b2 91. Bb1 Rb3 92. Ke1 Nc3 93. Bc2 b1=Q+ 94. Bxb1 Rxb1+ 95. Kf2 Ne4+ 96. Kf3 Rb3+ 97. Kg2 Rg3+ 98. Kh2 Rd3 99. Rc8 Rd2+ 100. Kg1 Kf4 101. Ra8 Rd3 102. Kg2 Rd2+ 103. Kg1 Rc2 104. Ra7 Kg3 105. Ra3+ Nc3 106. Ra1 Rc1+ 107. Rxc1 Ne2+ 108. Kh1 Nxc1 109. h4 Kxh4 0-1


[Site "https://www.chess.com"]

[Event "Titled Tuesday Blitz March 28 Early 2023"]
[White "Drozdowski, Kacper"]
[Black "Bortnyk, Olexandr"]
[WhiteFideId "1136720"]
[BlackFideId "14120828"]
[WhiteElo "2497"]
[BlackElo "2734"]
[Result "0-1"]
[Round "08"]
[TimeControl "180+2"]
[Date "2023.03.28"]
[WhiteClock "0:00:04"]
[BlackClock "0:00:04"]

1. e4 Nf6 2. e5 Nd5 3. d4 d6 4. Nf3 dxe5 5. Nxe5 c6 6. Bc4 Nd7 7. Nxd7 Bxd7 8. O-O Bf5 9. Re1 e6 10. c3 Bd6 11. Nd2 O-O 12. Qf3 Nf6 13. h3 Qc7 14. Nf1 Rfe8 15. Bg5 Nd5 16. Rad1 Bg6 17. Bb3 a5 18. Qe2 a4 19. Bc2 a3 20. Bxg6 hxg6 21. c4 Nb4 22. b3 e5 23. c5 Bf8 24. Qc4 Nd5 25. Ne3 exd4 26. Rxd4 Qe5 27. h4 Nxe3 28. Bxe3 Qxc5 29. Rd7 Qxc4 30. bxc4 b5 31. cxb5 cxb5 32. Rb1 b4 33. Kf1 Rac8 34. Rd2 Rc4 35. g3 Rec8 36. Ke2 Be7 37. Rb3 R8c7 38. Rbd3 f6 39. Rd5 Kf7 40. Rb5 Rc2 41. Kd1 Rb2 42. Bd4 Rb1+ 43. Ke2 Rc6 44. g4 Ke6 45. h5 gxh5 46. gxh5 Bd6 47. Kf3 Rc7 48. Re2+ Kf7 49. Rb6 Rd7 50. Rb5 Be7 51. Be3 Rb2 52. Bc1 Rd3+ 53. Be3 Rc3 54. Rb7 Ke6 55. Re1 Bc5 56. Kf4 Bxe3+ 57. fxe3 Rc4+ 58. e4 Rh2 59. Rxg7 Rxh5 60. Rb7 Rh2 61. Rb6+ Kf7 62. Rb7+ Ke6 63. Rb6+ Ke7 64. Rb7+ Kd6 65. Rd1+ Kc6 66. Rb8 Rh4+ 67. Kf5 Rhxe4 68. Rc8+ Kb7 69. Rcd8 Rf4+ 70. Kg6 Rc7 71. R8d5 Kb6 72. Rd6+ Rc6 73. Rd8 Rfc4 74. Rb8+ Kc5 75. Rdd8 Rc2 76. Rh8 Rg2+ 77. Kf7 Rxa2 78. Rh5+ Kd6 79. Rd8+ Kc7 80. Rd3 Rb2 81. Rc5 Rxc5 0-1


[Site "https://www.chess.com"]

[Event "Titled Tuesday Blitz March 28 Early 2023"]
[White "Vasquez Schroeder, Rodrigo"]
[Black "Firouzja, Alireza"]
[WhiteFideId "3400042"]
[BlackFideId "12573981"]
[WhiteElo "2600"]
[BlackElo "2904"]
[Result "0-1"]
[Round "08"]
[TimeControl "180+2"]
[Date "2023.03.28"]
[WhiteClock "0:00:23"]
[BlackClock "0:00:02"]

1. e4 c5 2. Nf3 d6 3. d4 cxd4 4. Nxd4 Nf6 5. Nc3 a6 6. Bg5 Nbd7 7. Bc4 Qb6 8. Bb3 e6 9. Bxf6 Nxf6 10. Qd2 Bd7 11. O-O-O O-O-O 12. f4 g6 13. Kb1 h5 14. Nf3 Be7 15. Ng5 Rhf8 16. Rhe1 Kb8 17. g3 Bc6 18. Nd5 Nxd5 19. exd5 Bxg5 20. fxg5 exd5 21. Bxd5 Bxd5 22. Qxd5 Rd7 23. Rd3 Rc8 24. Qf3 Qa5 25. Qe3 Rc5 26. Rf1 Re5 27. Qc1 Rxg5 28. Rfd1 Re5 29. Rxd6 Rxd6 30. Rxd6 Re2 31. Qf4 Qe5 32. Qxe5 Rxe5 33. b3 Re2 34. h4 Re3 35. Rf6 Rxg3 36. Rxf7 Rg4 37. Rg7 Ka7 38. a4 Kb6 39. Kb2 Kc6 40. c3 b5 41. axb5+ axb5 42. Kc2 Kd5 43. Kd3 Rg3+ 44. Kd2 Rg4 45. Kd3 Kc6 46. Ke3 Kc5 47. Rc7+ Kd6 48. Rg7 Kc6 49. Kd3 Kc5 50. Rc7+ Kd6 51. Rg7 Ke6 52. Rb7 Rxh4 53. Rb6+ Kf7 54. Rxb5 Rg4 55. Rb7+ Ke6 56. Rh7 h4 57. b4 Kd5 58. Rd7+ Kc6 59. Rh7 Kd5 60. Rd7+ Kc6 61. Rh7 g5 62. c4 Rg3+ 63. Kd4 h3 64. Rh6+ Kc7 65. b5 Rg4+ 66. Kc5 Rh4 67. Rh7+ Rxh7 0-1


[Site "https://www.chess.com"]

[Event "Titled Tuesday Blitz March 28 Early 2023"]
[White "Preotu, Razvan"]
[Black "Sarana, Alexey"]
[WhiteFideId "2613280"]
[BlackFideId "24133795"]
[WhiteElo "2407"]
[BlackElo "2714"]
[Result "0-1"]
[Round "08"]
[TimeControl "180+2"]
[Date "2023.03.28"]
[WhiteClock "0:00:10"]
[BlackClock "0:00:08"]

1. e4 c5 2. Nf3 d6 3. d4 cxd4 4. Nxd4 Nf6 5. Nc3 a6 6. Rg1 e5 7. Nb3 Be6 8. g4 d5 9. exd5 Nxd5 10. Nxd5 Qxd5 11. Qxd5 Bxd5 12. Be3 Nc6 13. O-O-O O-O-O 14. Bb6 Rd6 15. Rg3 Be6 16. Re1 Be7 17. g5 h6 18. Bc5 Rd7 19. Bxe7 Rxe7 20. g6 f6 21. Bg2 Nb4 22. Nc5 Bd5 23. Bh3+ Kb8 24. c3 Nc6 25. a4 Na5 26. Kc2 Nc4 27. Rd3 Bc6 28. b3 e4 29. Rd7 Bxd7 30. Nxd7+ Rxd7 31. Bxd7 Nd6 32. a5 Kc7 33. Be6 Re8 34. Bd5 Re5 35. c4 f5 36. f4 Re7 37. Kc3 Ne8 38. Kd4 Nf6 39. b4 Nxd5 40. Kxd5 Kd7 41. Re3 Re6 42. b5 Rxg6 43. Ke5 Rf6 44. Re1 Ke7 45. Kd5 Rd6+ 46. Kc5 g6 47. h4 h5 48. Re2 Ke6 49. Re1 Kd7 50. Re2 Kc7 51. Re1 Rd3 52. Rg1 Rd6 53. Re1 axb5 54. cxb5 Rd3 55. b6+ Kd7 56. Rg1 Rd6 57. Re1 Rc6+ 58. Kd5 Rc2 59. Rg1 Ra2 60. Rxg6 Rxa5+ 61. Kd4 Ra4+ 62. Kd5 Ra5+ 63. Kd4 Rb5 64. Rf6 Ke7 65. Rh6 Rb4+ 66. Ke5 e3 67. Kxf5 Rb5+ 68. Ke4 e2 69. Rh7+ Kf6 70. Kf3 e1=Q 71. Rxb7 Qf1+ 72. Ke4 Rb4+ 73. Kd5 Qb5+ 74. Kd6 Rd4+ 75. Kc7 Rd7+ 76. Kb8 Rxb7+ 77. Kxb7 Ke7 78. Kc7 Qc5+ 79. Kb7 Kd7 80. f5 Qc6+ 81. Ka6 Qa4+ 82. Kb7 Qe4+ 83. Ka6 Kc6 84. b7 Qa4# 0-1


[Site "https://www.chess.com"]

[Event "Titled Tuesday Blitz March 28 Early 2023"]
[White "Koustav, Chatterjee"]
[Black "So, Wesley"]
[WhiteFideId "25073060"]
[BlackFideId "5202213"]
[WhiteElo "2432"]
[BlackElo "2739"]
[Result "0-1"]
[Round "08"]
[TimeControl "180+2"]
[Date "2023.03.28"]
[WhiteClock "0:00:06"]
[BlackClock "0:00:39"]

1. Nf3 c5 2. c4 Nc6 3. Nc3 g6 4. g3 Bg7 5. Bg2 d6 6. O-O Rb8 7. a3 e6 8. Rb1 Nge7 9. d3 O-O 10. Bd2 b6 11. b4 Bb7 12. h4 h6 13. e4 Qd7 14. Qe2 f5 15. Rfe1 Rbe8 16. bxc5 dxc5 17. Rbd1 Rd8 18. exf5 exf5 19. Bf1 Rfe8 20. Qe6+ Qxe6 21. Rxe6 Kf7 22. Rde1 Bc8 23. R6e3 Nd4 24. Rd1 f4 25. Rxe7+ Rxe7 26. Nxd4 Bxd4 27. gxf4 Bg4 28. Rc1 Bxc3 29. Bxc3 Be2 30. Bg2 Rxd3 31. Bd5+ Kf8 32. Bf6 Rd7 33. Re1 Rd1 34. Rxd1 Bxd1 35. Be6 Rd6 0-1


[Site "https://www.chess.com"]

[Event "Titled Tuesday Blitz March 28 Early 2023"]
[White "Fedoseev, Vladimir"]
[Black "Dardha, Daniel"]
[WhiteFideId "24130737"]
[BlackFideId "240990"]
[WhiteElo "2752"]
[BlackElo "2581"]
[Result "0-1"]
[Round "08"]
[TimeControl "180+2"]
[Date "2023.03.28"]
[WhiteClock "0:00:06"]
[BlackClock "0:00:04"]

1. e4 c5 2. Nf3 d6 3. d4 cxd4 4. Nxd4 Nf6 5. Nc3 a6 6. Rg1 h5 7. Bg5 Nbd7 8. Qd2 b5 9. O-O-O Bb7 10. f3 Rc8 11. Kb1 g6 12. Nd5 Bg7 13. Nxf6+ Nxf6 14. Be2 Qc7 15. h3 h4 16. Rc1 Nd7 17. Rgd1 Nb6 18. Qe1 e5 19. Nb3 d5 20. Bd3 dxe4 21. Bxe4 Nc4 22. Bxb7 Qxb7 23. Na5 Nxa5 24. Qxa5 O-O 25. Qe1 Rc4 26. b3 e4 27. c3 Rc5 28. Be3 Rc7 29. f4 Rfc8 30. Bd4 e3 31. Qxe3 Qxg2 32. Bxg7 Kxg7 33. f5 Qg3 34. Qd4+ Kh7 35. Rd3 Qg5 36. Rf1 Re8 37. Rf4 Kg8 38. fxg6 fxg6 39. Kb2 Re2+ 40. Ka3 Qe7+ 41. b4 Rc8 42. Rxh4 Re5 43. Rg4 Kh7 44. Rdg3 Rc4 45. Qd3 Rxg4 46. Rxg4 Rf5 47. h4 Qe6 48. Re4 Qf7 49. Rd4 Rf2 50. Qd2 Rxd2 51. Rd3 Rxd3 52. Kb2 Re3 53. Kc2 Qe7 54. Kd2 Qe4 0-1


[Site "https://www.chess.com"]

[Event "Titled Tuesday Blitz March 28 Early 2023"]
[White "Shimanov, Aleksandr"]
[Black "Andreikin, Dmitry"]
[WhiteFideId "4198603"]
[BlackFideId "4158814"]
[WhiteElo "2631"]
[BlackElo "2736"]
[Result "1-0"]
[Round "08"]
[TimeControl "180+2"]
[Date "2023.03.28"]
[WhiteClock "0:00:02"]
[BlackClock "0:00:02"]

1. e4 g6 2. d4 Bg7 3. Nf3 d6 4. Nc3 Nf6 5. Be3 a6 6. Qd2 b5 7. Bd3 Bb7 8. a3 O-O 9. Bh6 c5 10. d5 Nbd7 11. h4 c4 12. Be2 Nc5 13. Bxg7 Kxg7 14. Qf4 e5 15. Qe3 h6 16. Nd2 Nfd7 17. h5 Qg5 18. Qxg5 hxg5 19. hxg6 Kxg6 20. Bg4 Rh8 21. Ke2 Nf6 22. Bf5+ Kg7 23. Rxh8 Rxh8 24. Nf1 Bc8 25. Ng3 Bxf5 26. Nxf5+ Kg6 27. f3 Ne8 28. Kf2 Ng7 29. Nxd6 Rd8 30. Nf5 Nxf5 31. exf5+ Kxf5 32. g4+ Kg6 33. Ke3 f6 34. Rd1 Kf7 35. Ne4 Nxe4 36. Kxe4 Rh8 37. Rd2 Rh1 38. Kf5 Rf1 39. Ke4 Ke7 40. d6+ Kd7 41. Kd5 Rh1 42. a4 1-0


[Site "https://www.chess.com"]

[Event "Titled Tuesday Blitz March 28 Early 2023"]
[White "Hansen, Eric"]
[Black "Lazavik, Denis"]
[WhiteFideId "2606771"]
[BlackFideId "13515110"]
[WhiteElo "2569"]
[BlackElo "2560"]
[Result "0-1"]
[Round "08"]
[TimeControl "180+2"]
[Date "2023.03.28"]
[WhiteClock "0:00:02"]
[BlackClock "0:00:08"]

1. d4 Nf6 2. c4 e6 3. Nc3 Bb4 4. e3 O-O 5. Bd2 c5 6. Nge2 cxd4 7. Nxd4 Nc6 8. a3 Be7 9. Be2 d5 10. cxd5 Nxd4 11. exd4 Nxd5 12. O-O Bf6 13. Bf3 Ne7 14. Ne4 Bxd4 15. Bb4 e5 16. Rc1 Be6 17. Nc5 Bd5 18. Nxb7 Bxb7 19. Bxb7 Rb8 20. Be4 a5 21. Bc3 Qb6 22. Bxd4 exd4 23. Rc2 Rfd8 24. Qd3 g6 25. Rfc1 Rd7 26. h4 Kg7 27. h5 Ng8 28. Qh3 Rbd8 29. Bd3 Re7 30. Qh4 Qf6 31. Qg3 Rd5 32. hxg6 hxg6 33. Rc6 Qe5 34. Qxe5+ Rdxe5 35. Kf1 Rb7 36. R1c2 Nf6 37. R6c4 Rd5 38. b4 axb4 39. Rxb4 Ra7 40. a4 Ng4 41. Rb5 Rd8 42. a5 Rh8 43. Kg1 Re7 44. Re2 Rc7 45. Rc2 Re7 46. Re2 Rc7 47. Rc2 Rxc2 48. Bxc2 Rc8 49. Rb2 Rc3 50. f3 Ne3 51. Be4 Rc1+ 52. Kh2 Ra1 0-1


[Site "https://www.chess.com"]

[Event "Titled Tuesday Blitz March 28 Early 2023"]
[White "Sasikiran, Krishnan"]
[Black "Sadhwani, Raunak"]
[WhiteFideId "5004985"]
[BlackFideId "35093487"]
[WhiteElo "2567"]
[BlackElo "2631"]
[Result "1-0"]
[Round "08"]
[TimeControl "180+2"]
[Date "2023.03.28"]
[WhiteClock "0:00:58"]
[BlackClock "0:00:08"]

1. e4 d6 2. d4 g6 3. Nc3 Bg7 4. Be3 c6 5. h3 b5 6. Nf3 Nd7 7. Bd3 a6 8. Ne2 e5 9. c3 Ngf6 10. Ng3 O-O 11. O-O Bb7 12. Qd2 Qc7 13. Rfe1 c5 14. d5 c4 15. Bc2 Nc5 16. b4 cxb3 17. axb3 Rfc8 18. Rec1 a5 19. Bh6 a4 20. Bxg7 Kxg7 21. b4 Nb3 22. Bxb3 axb3 23. Rxa8 Rxa8 24. Nf5+ gxf5 25. Qg5+ Kf8 26. Qxf6 b2 27. Rb1 Ra1 28. Ng5 Rxb1+ 29. Kh2 Kg8 30. Qxf5 Rh1+ 31. Kxh1 b1=Q+ 32. Kh2 f6 33. Qxf6 Bc8 34. Ne6 Bxe6 35. dxe6 Qg7 36. Qd8+ Qf8 37. e7 1-0


[Site "https://www.chess.com"]

[Event "Titled Tuesday Blitz March 28 Early 2023"]
[White "Ibarra Jerez, Jose Carlos"]
[Black "Anton Guijarro, David"]
[WhiteFideId "2226332"]
[BlackFideId "2285525"]
[WhiteElo "2638"]
[BlackElo "2618"]
[Result "1-0"]
[Round "08"]
[TimeControl "180+2"]
[Date "2023.03.28"]
[WhiteClock "0:00:23"]
[BlackClock "0:00:09"]

1. e4 c6 2. Nf3 d5 3. d3 g6 4. Qe2 Bg7 5. g3 Nh6 6. Bg2 O-O 7. e5 c5 8. O-O Nc6 9. h3 f6 10. e6 Nf5 11. c3 Nd6 12. h4 Ne8 13. Bf4 Nc7 14. Bh3 f5 15. Ng5 h6 16. Nf7 Rxf7 17. exf7+ Kxf7 18. Qd2 h5 19. Bxc7 Qxc7 20. Bg2 Qd6 21. c4 dxc4 22. dxc4 Be6 23. Qxd6 exd6 24. Nd2 Rb8 25. Rad1 Nd4 26. Rfe1 Bf6 27. b3 b6 28. Nf3 Nxf3+ 29. Bxf3 Bd4 30. Re2 Kf6 31. Rde1 Be5 32. Bc6 Bf7 33. f4 Bd4+ 34. Kg2 a6 35. Bd5 Bxd5+ 36. cxd5 Rb7 37. Re6+ Kf7 38. Rxd6 b5 39. Rc6 Rd7 40. d6 Kf6 41. Re7 Rxe7 42. dxe7+ Kxe7 43. Rxa6 c4 44. bxc4 bxc4 45. Ra4 1-0


[Site "https://www.chess.com"]

[Event "Titled Tuesday Blitz March 28 Early 2023"]
[White "Demchenko, Anton"]
[Black "Mitrabha, Guha"]
[WhiteFideId "4160258"]
[BlackFideId "5057000"]
[WhiteElo "2545"]
[BlackElo "2507"]
[Result "1-0"]
[Round "08"]
[TimeControl "180+2"]
[Date "2023.03.28"]
[WhiteClock "0:01:17"]
[BlackClock "0:00:25"]

1. e4 c6 2. d4 d5 3. Nd2 dxe4 4. Nxe4 Nf6 5. Qd3 Nxe4 6. Qxe4 Nd7 7. Nf3 Nf6 8. Qd3 Bg4 9. Ne5 Bh5 10. c3 e6 11. Qh3 Rg8 12. Bc4 Bd6 13. Bg5 Bg6 14. O-O-O Qc7 15. Rhe1 O-O-O 16. Nxg6 hxg6 17. Qf3 Rh8 18. h4 Rde8 19. g3 Nd5 20. Kb1 Kb8 21. Bc1 Rd8 22. Bb3 Rhe8 23. Re2 a5 24. c4 Nf6 25. c5 Bf8 26. Bf4 e5 27. Rxe5 1-0


[Site "https://www.chess.com"]